 Dungeon Crawl Stone Soup version 0.27-a0-1299-g1ab19c6527 (webtiles) character file.

Game seed: 4416708167509099494

37 DemonSlayer the Cudgeller (level 3, 0/28 HPs)
             Began as a Human Wanderer on June 17, 2021.
             Slain by a frilled lizard (3 damage)
             ... on level 3 of the Dungeon.
             The game lasted 00:07:55 (1869 turns).

DemonSlayer the Cudgeller (Human Wanderer)          Turns: 1869, Time: 00:07:56

Health: 0/28       AC:  8    Str: 11    XL:     3   Next: 62%
Magic:  3/3        EV: 10    Int: 14    God:
Gold:   64         SH:  0    Dex: 12    Spells: 1/2 levels left

rFire    . . .     SeeInvis .   b - +0 short sword
rCold    . . .     Faith    .   (no shield)
rNeg     . . .     Spirit   .   e - +3 ring mail
rPois    .         Reflect  .   (no helmet)
rElec    .         Harm     .   (no cloak)
rCorr    .         Rampage  .   (no gloves)
Will     .....                  (no boots)
Stlth    +.........             (no amulet)
HPRegen  0.09/turn              (no ring)
MPRegen  0.08/turn              (no ring)

@: mighty
A: mutation resistance 1
a: no special abilities


You were on level 3 of the Dungeon.
You visited 1 branch of the dungeon, and saw 3 of its levels.

You collected 64 gold pieces.

Inventory:

Hand Weapons
 a - a +2 dagger
 b - a +0 short sword (weapon)
Armour
 c - a +0 robe
 e - a +3 ring mail (worn)
 g - a +0 ring mail
Scrolls
 j - a scroll of identify
 k - a scroll of enchant weapon
Potions
 h - a potion of lignification


   Skills:
 + Level 2.4 Fighting
 + Level 0.5 Short Blades
 + Level 3.5 Maces & Flails
 + Level 1.3 Armour
 + Level 1.2 Dodging
 + Level 2.3 Stealth
 + Level 1.1 Evocations


You had one spell level left.
You knew the following spells:

 Your Spells              Type           Power      Damage    Failure   Level
a - Freeze                Ice            0%         1d3       56%         1

Your spell library contained the following spells:

 Spells                   Type           Power      Damage    Failure   Level
 Poisonous Vapours        Pois/Air       0%         N/A       71%         2
 Static Discharge         Conj/Air       0%         N/A       71%         2
 Frozen Ramparts          Ice            0%         1d2       90%         3


Dungeon Overview and Level Annotations

Branches:
Dungeon (3/15)

Altars:

Annotations:
D:2 Jessica


Innate Abilities, Weirdness & Mutations

You are somewhat resistant to further mutation.


Message History

The hobgoblin hits you but does no damage.
The frilled lizard bites you but does no damage.
You swing at nothing.
You feel less wooden.
Your +3 ring mail unmelds from your body.
The frilled lizard bites you but does no damage.
The hobgoblin hits you. The frilled lizard bites you.
* * * LOW HITPOINT WARNING * * *
You swing at nothing.
The frilled lizard bites you but does no damage.
The hobgoblin misses you. The frilled lizard barely misses you.
You swing at nothing.
The frilled lizard bites you but does no damage.
The hobgoblin closely misses you. The frilled lizard bites you.
* * * LOW HITPOINT WARNING * * *
The frilled lizard bites you but does no damage.
You swing at nothing.
The hobgoblin hits you.
* * * LOW HITPOINT WARNING * * *
The frilled lizard bites you but does no damage. x2
The frilled lizard bites you but does no damage.
It was a potion of might.
You feel very mighty all of a sudden. The hobgoblin barely misses you.
The frilled lizard barely misses you.
The frilled lizard bites you but does no damage.
You closely miss the frilled lizard. The hobgoblin closely misses you.
The frilled lizard closely misses you.
The frilled lizard completely misses you.
The hobgoblin barely misses you.
You hit the hobgoblin.
The hobgoblin is heavily wounded.
The frilled lizard bites you but does no damage.
The frilled lizard barely misses you. The hobgoblin barely misses you.
You barely miss the hobgoblin.
The hobgoblin is heavily wounded.
The frilled lizard bites you but does no damage. x2
The hobgoblin hits you but does no damage.
You puncture the hobgoblin!
You kill the hobgoblin!
The frilled lizard bites you.
You die...

#...........
##...........
............
#).........#
#..........#
#..........#
#..ll......#
#..@<†.....#
#..........#
############


You could see 2 frilled lizards.

Vanquished Creatures
  A worm (D:3)
  A dart slug (D:1)
  2 ball pythons (D:1)
  4 endoplasms
  A giant cockroach (D:1)
  2 goblins (D:1)
  4 hobgoblins
  A jackal (D:3)
  A kobold (D:1)
  3 quokkas
  5 bats
  4 frilled lizards
  3 rats
32 creatures vanquished.

Vanquished Creatures (others)
  11 plants (D:1)
11 creatures vanquished.

Grand Total: 43 creatures vanquished

Notes
Turn   | Place    | Note
-------+----------+-------------------------------------------
     0 | D:1      | DemonSlayer the Human Wanderer began the quest for the Orb.
     0 | D:1      | DemonSlayer set off with the following items: a +2 dagger,
                  | a scroll of blinking, a +0 robe; and the following spell
                  | memorised: Freeze; and the following spells available to
                  | memorise: Poisonous Vapours, Static Discharge, Frozen
                  | Ramparts
     0 | D:1      | Reached XP level 1. HP: 16/16 MP: 1/1
   340 | D:1      | Reached XP level 2. HP: 17/22 MP: 2/2
  1098 | D:1      | Reached XP level 3. HP: 27/27 MP: 3/3
  1814 | D:2      | Noticed Jessica
  1838 | D:3      | Gained mutation: You are somewhat resistant to further
                  | mutation. [potion of mutation]
  1869 | D:3      | Slain by a frilled lizard

Illustrated notes

Levels and vault maps discovered:
D:1:      mrwooster_arrival_statue, layout_basic, serial_bayou_lagoon_a
D:2:      minmay_door_path, layout_basic,
          hellmonk_ecumenical_altar_defaced_shrine, uniq_sigmund, uniq_jessica
D:3:      layout_rooms, serial_park_tiny_pond, minmay_between

Action                   || total
-------------------------++-------
Melee: Dagger            ||    36
       Short sword       ||    75
  Use: Scroll            ||     4
       Potion            ||     4
Armor: Robe              ||     3
       Ring mail         ||    65
       Skin              ||    84
Dodge: Dodged            ||   110

Table legend: (Time is in decaauts)
 A = Elapsed time spent in this place.
 B = Non-inter-level travel time spent in this place.
 C = Inter-level travel time spent in this place.
 D = Time resting spent in this place.
 E = Time spent auto-exploring this place.
 F = Levels seen in this place.
 G = Mean time per level.
                   A        B        C        D        E       F      G
               +--------+--------+--------+--------+--------+-----+--------+
         Total |   1885 |   1842 |     43 |    866 |    586 |   3 |  628.3 |
       Dungeon |   1885 |   1842 |     43 |    866 |    586 |   3 |  628.3 |
               +--------+--------+--------+--------+--------+-----+--------+

Top non-repeatable levels by time:
     D:1: 1670 daAuts
     D:2: 167 daAuts
     D:3: 47 daAuts
